TOP OF THE 1ST |
Remsen Alphas batting - Pitching for Gurdon Pelicans : LHP Carlos Méndez
|
Pitching: LHP Carlos Méndez
|
|
Batting: RHB Juan Salinas
|
0-0: Ball 1-0: Swinging Strike 1-1: Swinging Strike 1-2: Foul Ball, location: 2F 1-2: Ball 2-2: DOUBLE (Line Drive, 78M)
|
Batting: LHB Keith Alexander
|
0-0: SINGLE (Popup, 7LS) Juan Salinas to third
|
Batting: LHB Scott Britt
|
0-0: Ball 1-0: Foul Ball, location: 2F 1-1: Foul Ball, location: 2F 1-2: Foul Ball, location: 2F 1-2: Strikes out swinging
|
Batting: RHB Francisco García
|
0-0: Swinging Strike 0-1: Ball 1-1: Ball 2-1: Foul Ball, location: 2F 2-2: Foul Ball, location: 2F 2-2: Foul Ball, location: 2F 2-2: Ball 3-2: Base on Balls Keith Alexander to second
|
Batting: RHB Manuel Martínez
|
0-0: Called Strike 0-1: Ball 1-1: Ball 2-1: Ball 3-1: Foul Ball, location: 2F 3-2: Foul Ball, location: 2F 3-2: Foul Ball, location: 2F 3-2: Base on Balls Juan Salinas scores Keith Alexander to third Francisco García to second
|
Batting: RHB Tim Giap
|
0-0: Called Strike 0-1: Ball 1-1: Fly out, F8 (Flyball, 8LM) Runner from 3rd tags up, SCORES, no throw
|
Batting: RHB Bernaldyn Berbedo
|
0-0: Ground out 5-3 (Groundball, 56S)
|
Top of the 1st over - 2 run(s), 2 hit(s), 0 error(s), 2 left on base; Remsen 2 - Gurdon 0 |
BOTTOM OF THE 1ST |
Gurdon Pelicans batting - Pitching for Remsen Alphas : LHP Jim Unknown
|
Pitching: LHP Jim Unknown
|
|
Batting: RHB Alex Maxwell
|
0-0: Ball 1-0: Ball 2-0: Swinging Strike 2-1: Swinging Strike 2-2: Ball 3-2: Base on Balls
|
Batting: SHB Lionel Merlet
|
0-0: Fly out, F7 (Line Drive, 7S)
|
Batting: RHB Chip Teague
|
0-0: Fielders Choice at 2nd, 1-6 (Groundball, 15S)
|
Batting: LHB Guillermo Martínez
|
0-0: Ball 1-0: Swinging Strike 1-1: Called Strike 1-2: Ball 2-2: Strikes out looking
|
Bottom of the 1st over - 0 run(s), 0 hit(s), 0 error(s), 1 left on base; Remsen 2 - Gurdon 0 |
TOP OF THE 2ND |
Remsen Alphas batting - Pitching for Gurdon Pelicans : LHP Carlos Méndez
|
Batting: RHB José Magana
|
0-0: Ball 1-0: Called Strike 1-1: Fly out, F9 (Line Drive, 9M)
|
Batting: RHB Sam Horton
|
0-0: Ball 1-0: Called Strike 1-1: Ball 2-1: DOUBLE (Line Drive, 7LS)
|
Batting: RHB Juan Salinas
|
0-0: Swinging Strike 0-1: Ball 1-1: Ground out 6-3 (Groundball, 6)
|
Batting: LHB Keith Alexander
|
0-0: Called Strike 0-1: Foul Ball, location: 2F 0-2: Ball 1-2: Ground out 6-3 (Groundball, 6)
|
Top of the 2nd over - 0 run(s), 1 hit(s), 0 error(s), 1 left on base; Remsen 2 - Gurdon 0 |
BOTTOM OF THE 2ND |
Gurdon Pelicans batting - Pitching for Remsen Alphas : LHP Jim Unknown
|
Batting: SHB Carlos Kramer
|
0-0: SOLO HOME RUN (Flyball, 78XD), Distance : 428 ft
|
Batting: RHB Bobby Buck
|
0-0: Foul Ball, location: 2F 0-1: Swinging Strike 0-2: Foul Ball, location: 2F 0-2: Ball 1-2: Ball 2-2: Foul Ball, location: 2F 2-2: Foul Ball, location: 2F 2-2: Foul Ball, location: 2F 2-2: Ball 3-2: Fly out, F8 (Flyball, 8LM)
|
Batting: RHB Riley Howard
|
0-0: Ball 1-0: Called Strike 1-1: Ball 2-1: SOLO HOME RUN (Flyball, 7D), Distance : 407 ft
|
Batting: RHB António Sánchez
|
0-0: Ball 1-0: Ball 2-0: Called Strike 2-1: Ball 3-1: Called Strike 3-2: Ground out 6-3 (Groundball, 6M)
|
Batting: RHB Martín Álvarez
|
0-0: Called Strike 0-1: Ground out 6-3 (Groundball, 6)
|
Bottom of the 2nd over - 2 run(s), 2 hit(s), 0 error(s), 0 left on base; Remsen 2 - Gurdon 2 |
TOP OF THE 3RD |
Remsen Alphas batting - Pitching for Gurdon Pelicans : LHP Carlos Méndez
|
Batting: LHB Scott Britt
|
0-0: Called Strike 0-1: SINGLE (Flyball, 8LM)
|
Batting: RHB Francisco García
|
0-0: Fly out, F3 (Popup, 3SF)
|
Batting: RHB Manuel Martínez
|
0-0: Called Strike 0-1: Ball 1-1: Fly out, F3 (Popup, 3DF)
|
Batting: RHB Tim Giap
|
0-0: Ball 1-0: Ball 2-0: Ball 3-0: Base on Balls Scott Britt to second
|
Batting: RHB Bernaldyn Berbedo
|
0-0: Ball 1-0: Ball 2-0: Ball 3-0: Base on Balls Scott Britt to third Tim Giap to second
|
Batting: RHB José Magana
|
0-0: Ball 1-0: Foul Ball, location: 2F 1-1: Ball 2-1: Fielders Choice at 2nd, 6-4 (Groundball, 6)
|
Top of the 3rd over - 0 run(s), 1 hit(s), 0 error(s), 2 left on base; Remsen 2 - Gurdon 2 |
BOTTOM OF THE 3RD |
Gurdon Pelicans batting - Pitching for Remsen Alphas : LHP Jim Unknown
|
Batting: RHB Alex Maxwell
|
0-0: Called Strike 0-1: Ball 1-1: Foul Ball, location: 2F 1-2: Foul Ball, location: 2F 1-2: Strikes out swinging
|
Batting: SHB Lionel Merlet
|
0-0: Ball 1-0: Ball 2-0: Foul Ball, location: 2F 2-1: Swinging Strike 2-2: Ball 3-2: Ground out 6-3 (Groundball, 6)
|
Batting: RHB Chip Teague
|
0-0: Ball 1-0: Ball 2-0: Ball 3-0: Base on Balls
|
Batting: LHB Guillermo Martínez
|
0-0: Ground out U3 (Groundball, 3)
|
Bottom of the 3rd over - 0 run(s), 0 hit(s), 0 error(s), 1 left on base; Remsen 2 - Gurdon 2 |
TOP OF THE 4TH |
Remsen Alphas batting - Pitching for Gurdon Pelicans : LHP Carlos Méndez
|
Batting: RHB Sam Horton
|
0-0: Fly out, F4 (Popup, 6MS)
|
Batting: RHB Juan Salinas
|
0-0: Ball 1-0: Fly out, F6 (Popup, 6D)
|
Batting: LHB Keith Alexander
|
0-0: Swinging Strike 0-1: Called Strike 0-2: Ball 1-2: Strikes out swinging
|
Top of the 4th over - 0 run(s), 0 hit(s), 0 error(s), 0 left on base; Remsen 2 - Gurdon 2 |
BOTTOM OF THE 4TH |
Gurdon Pelicans batting - Pitching for Remsen Alphas : LHP Jim Unknown
|
Batting: SHB Carlos Kramer
|
0-0: Ball 1-0: Called Strike 1-1: Foul Ball, location: 2F 1-2: Hit by Pitch
|
Batting: RHB Bobby Buck
|
0-0: Grounds into double play, 4-6-3 (Groundball, 34)
|
Batting: RHB Riley Howard
|
0-0: Ball 1-0: SINGLE (Groundball, 56D)
|
Batting: RHB António Sánchez
|
0-0: Called Strike 0-1: Swinging Strike 0-2: Ball Riley Howard steals 2nd base 1-2: Foul Ball, location: 2F 1-2: Foul Ball, location: 2F 1-2: Fly out, F6 (Popup, 4M)
|
Bottom of the 4th over - 0 run(s), 1 hit(s), 0 error(s), 1 left on base; Remsen 2 - Gurdon 2 |
TOP OF THE 5TH |
Remsen Alphas batting - Pitching for Gurdon Pelicans : LHP Carlos Méndez
|
Batting: LHB Scott Britt
|
0-0: Ball 1-0: Ball 2-0: Called Strike 2-1: Foul Ball, location: 2F 2-2: Ball 3-2: Foul Ball, location: 2F 3-2: Fly out, F9 (Flyball, 9M)
|
Batting: RHB Francisco García
|
0-0: Called Strike 0-1: Ball 1-1: Ball 2-1: Ball 3-1: DOUBLE (Line Drive, 5L)
|
Batting: RHB Manuel Martínez
|
0-0: Called Strike 0-1: Called Strike 0-2: Ball 1-2: Ball 2-2: 2-RUN HOME RUN (Flyball, 7D), Distance : 408 ft
|
Pitching: RHP Karl Pratt
|
|
Batting: RHB Tim Giap
|
0-0: Called Strike 0-1: Ball 1-1: Ball 2-1: Foul Ball, location: 2F 2-2: Ball 3-2: Foul Ball, location: 2F 3-2: Strikes out looking
|
Batting: RHB Bernaldyn Berbedo
|
0-0: Called Strike 0-1: Ball 1-1: Foul Ball, location: 2F 1-2: SINGLE (Groundball, 56D)
|
Batting: RHB José Magana
|
0-0: Ball 1-0: Called Strike 1-1: Swinging Strike 1-2: Ball 2-2: SINGLE (Line Drive, 89S) Bernaldyn Berbedo to second
|
Batting: RHB Sam Horton
|
0-0: Ball 1-0: Ball 2-0: DOUBLE (Line Drive, 7LM) Bernaldyn Berbedo scores José Magana to third Runner from 3rd tries for Home, SAFE, no throw or cutoff
|
Batting: RHB Juan Salinas
|
0-0: Called Strike 0-1: Called Strike 0-2: Strikes out swinging
|
Top of the 5th over - 4 run(s), 5 hit(s), 0 error(s), 1 left on base; Remsen 6 - Gurdon 2 |
BOTTOM OF THE 5TH |
Gurdon Pelicans batting - Pitching for Remsen Alphas : LHP Jim Unknown
|
Batting: RHB Martín Álvarez
|
0-0: Ball 1-0: Foul Ball, location: 2F 1-1: Ball 2-1: Swinging Strike 2-2: Foul Ball, location: 2F 2-2: Reached on error, E6 (Groundball, 56)
|
Batting: RHB Alex Maxwell
|
0-0: Called Strike 0-1: Ground out 5-3 (Groundball, 5S) Martín Álvarez to second
|
Batting: SHB Lionel Merlet
|
0-0: Ball 1-0: Swinging Strike 1-1: SINGLE (Popup, 6MD) Martín Álvarez to third
|
Batting: RHB Chip Teague
|
0-0: Foul Ball, location: 2F 0-1: Foul Ball, location: 2F 0-2: Ball 1-2: Ball 2-2: Foul Ball, location: 2F 2-2: Foul Ball, location: 2F 2-2: Ball Lionel Merlet is caught stealing 2nd base 3-2: Fly out, F9 (Flyball, 9LM)
|
Bottom of the 5th over - 0 run(s), 1 hit(s), 1 error(s), 1 left on base; Remsen 6 - Gurdon 2 |
TOP OF THE 6TH |
Remsen Alphas batting - Pitching for Gurdon Pelicans : RHP Karl Pratt
|
Batting: LHB Keith Alexander
|
0-0: SINGLE (Line Drive, 4)
|
Batting: LHB Scott Britt
|
0-0: Called Strike 0-1: Ball 1-1: Swinging Strike 1-2: Ball 2-2: Foul Ball, location: 2F 2-2: Strikes out swinging
|
Batting: RHB Francisco García
|
0-0: Ball 1-0: DOUBLE (Flyball, 78M) Keith Alexander to third
|
Batting: RHB Manuel Martínez
|
0-0: Called Strike Error on foul ball, E7 0-2: Ball 1-2: Foul Ball, location: 2F 1-2: Ball 2-2: Ball 3-2: SINGLE (Groundball, 4MD) Keith Alexander scores Francisco García to third Runner from 3rd tries for Home, SAFE, no throw or cutoff
|
Pitching: RHP Art Adams
|
|
Batting: RHB Tim Giap
|
0-0: Ball 1-0: Foul Ball, location: 2F 1-1: Ball 2-1: Called Strike 2-2: DOUBLE (Flyball, 78M) Manuel Martínez to third
|
Batting: RHB Bernaldyn Berbedo
|
0-0: Ball 1-0: Called Strike 1-1: Called Strike 1-2: Strikes out swinging
|
Batting: RHB José Magana
|
0-0: Foul Ball, location: 2F 0-1: Fly out, F6 (Popup, 56D)
|
Top of the 6th over - 2 run(s), 4 hit(s), 1 error(s), 2 left on base; Remsen 8 - Gurdon 2 |
BOTTOM OF THE 6TH |
Gurdon Pelicans batting - Pitching for Remsen Alphas : LHP Jim Unknown
|
Batting: LHB Guillermo Martínez
|
0-0: Fly out, F4 (Popup, 34)
|
Batting: SHB Carlos Kramer
|
0-0: Fly out, F5 (Popup, 56S)
|
Batting: RHB Bobby Buck
|
0-0: Ball 1-0: Ball 2-0: Ball 3-0: Called Strike 3-1: Ground out 5-3 (Groundball, 5L)
|
Bottom of the 6th over - 0 run(s), 0 hit(s), 0 error(s), 0 left on base; Remsen 8 - Gurdon 2 |
TOP OF THE 7TH |
Remsen Alphas batting - Pitching for Gurdon Pelicans : RHP Art Adams
|
Batting: RHB Sam Horton
|
0-0: Called Strike 0-1: Ball 1-1: Ball 2-1: Called Strike 2-2: Foul Ball, location: 2F 2-2: Strikes out swinging
|
Batting: RHB Juan Salinas
|
0-0: Ground out 6-3 (Groundball, 56)
|
Batting: LHB Keith Alexander
|
0-0: SINGLE (Groundball, 4MD)
|
Batting: LHB Scott Britt
|
0-0: Ball 1-0: Ball 2-0: Ball 3-0: Called Strike 3-1: Called Strike 3-2: Foul Ball, location: 2F 3-2: Foul Ball, location: 2F 3-2: Fly out, F4 (Popup, 3D)
|
Top of the 7th over - 0 run(s), 1 hit(s), 0 error(s), 1 left on base; Remsen 8 - Gurdon 2 |
BOTTOM OF THE 7TH |
Gurdon Pelicans batting - Pitching for Remsen Alphas : LHP Jim Unknown
|
Now in RF: Bert Motevassel
|
|
Batting: RHB Riley Howard
|
0-0: Ball 1-0: SINGLE (Groundball, 34D)
|
Batting: RHB António Sánchez
|
0-0: Ball 1-0: Foul Ball, location: 2F 1-1: Ball 2-1: Fly out, F9 (Flyball, 89M)
|
Batting: RHB Martín Álvarez
|
0-0: Ball Riley Howard steals 2nd base 1-0: Foul Ball, location: 2F 1-1: Foul Ball, location: 2F 1-2: DOUBLE (Groundball, 5L) Riley Howard scores
|
Batting: RHB Alex Maxwell
|
0-0: Called Strike 0-1: Called Strike 0-2: Ball 1-2: Ground out 5-3 (Groundball, 56)
|
Pitching: LHP Shawn Holliday
|
|
Batting: SHB Lionel Merlet
|
0-0: Ball 1-0: Ball 2-0: Ball 3-0: Called Strike 3-1: DOUBLE (Line Drive, 89M) Martín Álvarez scores
|
Batting: RHB Chip Teague
|
0-0: Ball 1-0: Swinging Strike 1-1: Foul Ball, location: 2F 1-2: Ball Wild Pitch! Lionel Merlet to third 2-2: Strikes out swinging
|
Bottom of the 7th over - 2 run(s), 3 hit(s), 0 error(s), 1 left on base; Remsen 8 - Gurdon 4 |
TOP OF THE 8TH |
Remsen Alphas batting - Pitching for Gurdon Pelicans : RHP Art Adams
|
Batting: RHB Bert Motevassel
|
0-0: Called Strike 0-1: Swinging Strike 0-2: Strikes out swinging
|
Pitching: LHP Cal Haber
|
|
Batting: RHB Manuel Martínez
|
0-0: Ball 1-0: Ball 2-0: Ball 3-0: Called Strike 3-1: Base on Balls
|
Batting: RHB Tim Giap
|
0-0: Called Strike 0-1: Ground out 4-3 (Groundball, 4M) Manuel Martínez to second
|
Batting: RHB Bernaldyn Berbedo
|
0-0: Ball 1-0: Ball 2-0: DOUBLE (Flyball, 7LM) Manuel Martínez scores
|
Batting: RHB José Magana
|
0-0: Called Strike 0-1: SINGLE (Line Drive, 89S) Bernaldyn Berbedo to third Runner from 3rd tries for Home, SAFE, no throw or cutoff
|
Batting: RHB Sam Horton
|
0-0: Ball 1-0: Foul Ball, location: 2F 1-1: Ball 2-1: Fly out, F8 (Flyball, 8LM)
|
Top of the 8th over - 2 run(s), 2 hit(s), 0 error(s), 1 left on base; Remsen 10 - Gurdon 4 |
BOTTOM OF THE 8TH |
Gurdon Pelicans batting - Pitching for Remsen Alphas : LHP Shawn Holliday
|
Batting: LHB Guillermo Martínez
|
0-0: Called Strike 0-1: Swinging Strike 0-2: Strikes out swinging
|
Batting: SHB Carlos Kramer
|
0-0: Ball 1-0: Ball 2-0: Called Strike 2-1: Ground out 4-3 (Groundball, 4M)
|
Batting: RHB Bobby Buck
|
0-0: SINGLE (Groundball, 56S)
|
Batting: RHB Riley Howard
|
0-0: Fielders Choice at 2nd, U4 (Groundball, 4M)
|
Bottom of the 8th over - 0 run(s), 1 hit(s), 0 error(s), 1 left on base; Remsen 10 - Gurdon 4 |
TOP OF THE 9TH |
Remsen Alphas batting - Pitching for Gurdon Pelicans : LHP Cal Haber
|
Pitching: LHP Shawn Arnold
|
|
Batting: RHB Juan Salinas
|
0-0: Ball 1-0: Called Strike 1-1: Ball 2-1: Ball 3-1: Foul Ball, location: 2F 3-2: Strikes out looking
|
Batting: LHB Keith Alexander
|
0-0: SINGLE (Groundball, 6D)
|
Batting: LHB Scott Britt
|
0-0: Ball 1-0: Called Strike 1-1: Ball 2-1: Foul Ball, location: 2F 2-2: Ball 3-2: Grounds into double play, 4-6-3 (Groundball, 4)
|
Top of the 9th over - 0 run(s), 1 hit(s), 0 error(s), 0 left on base; Remsen 10 - Gurdon 4 |
BOTTOM OF THE 9TH |
Gurdon Pelicans batting - Pitching for Remsen Alphas : LHP Shawn Holliday
|
Batting: RHB António Sánchez
|
0-0: Foul Ball, location: 2F 0-1: Fly out, F8 (Flyball, 8RD)
|
Batting: RHB Martín Álvarez
|
0-0: Ball 1-0: Foul Ball, location: 2F 1-1: SINGLE (Groundball, 56D)
|
Batting: RHB Alex Maxwell
|
0-0: Called Strike 0-1: Ball 1-1: Foul Ball, location: 2F 1-2: Strikes out looking
|
Batting: SHB Lionel Merlet
|
0-0: Ball 1-0: Ball 2-0: Ball 3-0: Called Strike 3-1: Called Strike 3-2: Base on Balls Martín Álvarez to second
|
Batting: RHB Chip Teague
|
0-0: Ball 1-0: Called Strike 1-1: Fly out, F8 (Flyball, 8LM)
|
Bottom of the 9th over - 0 run(s), 1 hit(s), 0 error(s), 2 left on base; Remsen 10 - Gurdon 4 |
|